 Dungeon Crawl Stone Soup version 0.26-a0-597-gb535b0901c (webtiles) character file.

Game seed: 3517736412240953299

327 Descartes the Magician (level 6, -1/50 HPs)
             Began as a Draconian Hedge Wizard on Aug 26, 2020.
             Succumbed to Crazy Yiuf's poison
             ... on level 4 of the Dungeon.
             The game lasted 00:04:46 (4962 turns).

Descartes the Magician (Draconian Hedge Wizard)     Turns: 4962, Time: 00:04:47

Health: -1/50      AC:  6    Str: 20    XL:     6   Next: 24%
Magic:  11/11      EV: 13    Int: 15    God:
Gold:   182        SH:  0    Dex: 10    Spells: 11/12 levels left

rFire    . . .     SeeInvis .   h - +1 dagger (venom)
rCold    . . .     Faith    .   (no shield)
rNeg     + . .     Spirit   .   (armour unavailable)
rPois    .         Reflect  .   b - +0 hat
rElec    .         Harm     .   (no cloak)
rCorr    .                      (no gloves)
MR       .....                  (no boots)
Stlth    ++........             (no amulet)
HPRegen  0.16/turn              w - +6 ring of strength
MPRegen  0.12/turn              v - ring of positive energy

@: lethally poisoned (-1 -> -19)
A: unfitting armour, cold-blooded, AC +6
a: no special abilities


You were on level 4 of the Dungeon.
You visited 1 branch of the dungeon, and saw 4 of its levels.

You collected 182 gold pieces.

Inventory:

Hand Weapons
 a - a +0 dagger
 h - a +1 dagger of venom (weapon)
 r - a +2 hand axe of freezing
Missiles
 i - 98 stones (quivered)
 l - 34 arrows
 n - 3 javelins
 p - 23 poisoned darts
Armour
 b - a +0 hat (worn)
Jewellery
 v - a ring of positive energy (right hand)
 w - a +6 ring of strength (left hand)
Scrolls
 d - 2 scrolls of amnesia {unknown}
 g - 4 scrolls of teleportation {unknown}
 j - 5 scrolls of remove curse {unknown}
 k - 4 scrolls of identify {unknown}
 o - a scroll of noise {unknown}
 s - a scroll of fog {unknown}
 u - 2 scrolls of enchant weapon {unknown}
 y - a scroll of immolation {unknown}
Potions
 c - 2 potions of lignification
 e - a potion of cancellation {unknown}
 f - 3 potions of curing {unknown}
 m - a potion of ambrosia {unknown}
 q - a potion of heal wounds {unknown}
 t - 2 potions of haste {unknown}
 x - a potion of might {unknown}
 z - a potion of brilliance {unknown}


   Skills:
 + Level 2.8 Fighting
 + Level 3.1 Dodging
 + Level 3.3 Stealth
 + Level 3.9 Spellcasting
 + Level 2.7 Conjurations
   Level 1.0 Summonings
   Level 1.0 Translocations


You had 11 spell levels left.
You knew the following spells:

 Your Spells              Type           Power        Failure   Level
a - Magic Dart            Conj           ##..         6%          1

Your spell library contained the following spells:

 Spells                   Type           Power        Failure   Level
 Blink                    Tloc           N/A          19%         2
 Call Imp                 Summ           #.......     19%         2
 Slow                     Hex            #.......     28%         2
 Conjure Flame            Conj/Fire      #.......     30%         3
 Mephitic Cloud           Conj/Pois/Air  #.......     36%         3


Dungeon Overview and Level Annotations

Branches:
Dungeon (4/15)
 Temple: D:4-7

Altars:
Xom

Annotations:
D:4 , 2 transporters


Innate Abilities, Weirdness & Mutations

Your plain brown scales are hard. (AC +6)
You cannot fit into any form of body armour.
You are cold-blooded and may be slowed by cold attacks.


Message History

Crazy Yiuf is almost dead.
You feel sick.
Crazy Yiuf hits you with a +4 quarterstaff of chaos!
* * * LOW HITPOINT WARNING * * *
You are more poisoned.
You hit Crazy Yiuf but do no damage.
Crazy Yiuf looks as sick as possible!
Crazy Yiuf is almost dead.
* * * LOW HITPOINT WARNING * * *
You feel sick.
Crazy Yiuf sings, "Trees, trees, trees, circus!"
Crazy Yiuf barely misses you.
You hit Crazy Yiuf but do no damage.
Crazy Yiuf looks as sick as possible!
Crazy Yiuf is almost dead.
* * * LOW HITPOINT WARNING * * *
You feel sick. Crazy Yiuf misses you.
You hit Crazy Yiuf.
You kill Crazy Yiuf!
* * * LOW HITPOINT WARNING * * *
You feel sick.
You die...

#...#..# ##.....# #.[...#
#.....# ###...#
#....####### #.....'#.#.###
#### ##.........#..##...#
#.<.......####.@...#
#......+.## ###..)#
#...###### #### #....#
#...## #...# ### #..#####.#
#.....#..#################
##........................#


There were no monsters in sight!

Vanquished Creatures
  A scorpion (D:2)
  An orc priest (D:3)
  Crazy Yiuf (D:4)
  Jessica (D:2)
  A worker ant (D:2)
  4 gnolls
  4 adders
  2 oozes
  A dart slug (D:2)
  3 leopard geckos
  4 orcs
  7 giant cockroaches
  9 goblins
  7 hobgoblins
  4 jackals
  A quokka (D:3)
  6 bats
  6 frilled lizards
  9 kobolds
  11 rats
83 creatures vanquished.

Notes
Turn   | Place    | Note
-------+----------+-------------------------------------------
     0 | D:1      | Descartes the Draconian Hedge Wizard began the quest for
                  | the Orb.
     0 | D:1      | Reached XP level 1. HP: 14/14 MP: 4/4
   224 | D:1      | Reached XP level 2. HP: 8/22 MP: 6/6
  1079 | D:1      | Reached skill level 1 in Fighting
  1311 | D:2      | Reached XP level 3. HP: 4/28 MP: 7/7
  1836 | D:2      | Found a shimmering altar of Xom.
  2213 | D:2      | Reached XP level 4. HP: 31/35 MP: 9/9
  2247 | D:2      | Noticed Jessica
  2254 | D:2      | Killed Jessica
  2273 | D:2      | Found a faded altar of an unknown god.
  2823 | D:2      | HP: 1/36 [poisoned by a kobold]
  3142 | D:3      | Reached XP level 5. HP: 32/41 MP: 10/10
  3935 | D:3      | Reached XP level 6. HP: 11/50 MP: 11/11
  4823 | D:4      | Found a runed translucent door.
  4824 | D:4      | Noticed Crazy Yiuf
  4852 | D:4      | Found a transporter.
  4858 | D:4      | Found a transporter.
  4961 | D:4      | Killed Crazy Yiuf
  4961 | D:4      | HP: 1/50 [poisoned by Crazy Yiuf]
  4962 | D:4      | Succumbed to Crazy Yiuf's poison

Illustrated notes

Levels and vault maps discovered:
D:1:      dpeg_arrival_tiny_k, layout_basic, serial_glass, glass_columns_b,
          glass_columns_a, minmay_small_reverse_x
D:2:      layout_basic, tgw_xom, chequers_ecumenical_altar_simple_redux,
          nrook_mini_backslash, chequers_serial_rivers_small_b,
          minmay_misc_feat_four_crosses, minmay_fractal_squares_gapless_5,
          uniq_jessica
D:3:      layout_rooms
D:4:      kb_forest_paths, layout_cave_pools, gammafunk_ghost_gnarly_gnolls,
          uniq_crazy_yiuf_cottage

Skill      XL: |  1  2  3  4  5 |
---------------+----------------+-----
Stealth        | 2 3 |  3.3
Dodging        | 2 3 |  3.1
Fighting       | 1 2 |  2.8
Conjurations   | 2 |  2.7
Spellcasting   | |  3.9
Summonings     | |  1.0
Translocations | |  1.0

Action                   |  1- 3 |  4- 6 || total
-------------------------+-------+-------++-------
Melee: Dagger            |   164 |   149 ||   313
       Tailslap          |    10 |    13 ||    23
  Use: Potion            |     1 |       ||     1
 Stab: Sleeping          |     1 |     4 ||     5
Armor: Skin              |    56 |    40 ||    96
Dodge: Dodged            |   136 |   113 ||   249

Table legend: (Time is in decaauts)
 A = Elapsed time spent in this place.
 B = Non-inter-level travel time spent in this place.
 C = Inter-level travel time spent in this place.
 D = Time resting spent in this place.
 E = Time spent auto-exploring this place.
 F = Levels seen in this place.
 G = Mean time per level.
                   A        B        C        D        E       F      G
               +--------+--------+--------+--------+--------+-----+--------+
         Total |   4972 |   4884 |     88 |      0 |   4215 |   4 | 1243.0 |
       Dungeon |   4972 |   4884 |     88 |      0 |   4215 |   4 | 1243.0 |
               +--------+--------+--------+--------+--------+-----+--------+

Top non-repeatable levels by time:
     D:2: 2738 daAuts
     D:1: 1249 daAuts
     D:3: 803 daAuts
     D:4: 180 daAuts
